 Dungeon Crawl Stone Soup version 0.30-a0-219-gf2db51d15e (webtiles) character file.

Game seed: 3199769723589506479

93 Decritt the Sneak (level 4, 0/22 HPs)
             Began as a Spriggan Enchanter on Oct 7, 2022.
             Hit by a goblin thrown by Robin (3 damage)
             ... on level 2 of the Dungeon.
             The game lasted 00:05:40 (2056 turns).

Decritt the Sneak (Spriggan Enchanter)              Turns: 2056, Time: 00:05:40

Health: 0/22       AC:  3    Str:  4    XL:     4   Next: 37%
Magic:  7/10       EV: 33    Int: 16    God:
Gold:   114        SH:  0    Dex: 17    Spells: 1/9 levels left

rFire   . . .      SeeInvis +    a - +1 dagger
rCold   . . .      Faith    .    (no shield)
rNeg    . . .      Spirit   .    b - +0 robe
rPois   .          Reflect  .    (helmet restricted)
rElec   .          Harm     .    l - +0 cloak
rCorr   .          Rampage  .    (gloves unavailable)
Will    .....                    (boots unavailable)
Stlth   +++.......               k - amulet of the acrobat
HPRegen 0.23/turn                (no ring)
MPRegen 0.12/turn                (no ring)

@: acrobatic, very quick
A: very small, no large weapons, unfitting armour, see invisible, speed 3
a: no special abilities


You were on level 2 of the Dungeon.
You visited 1 branch of the dungeon, and saw 3 of its levels.

You collected 114 gold pieces.

Inventory:

Hand Weapons
 a - a +1 dagger (weapon)
 e - a +2 sling of flaming
Missiles
 r - a throwing net
Armour
 b - a +0 robe (worn)
 l - a +0 cloak (worn)
Jewellery
 k - an amulet of the acrobat (around neck)
Scrolls
 d - 3 scrolls of teleportation {unknown}
 g - 3 scrolls of identify {unknown}
 j - a scroll of noise {unknown}
 m - a scroll of summoning {unknown}
 n - a scroll of fog {unknown}
 p - a scroll of magic mapping {unknown}
Potions
 c - 2 potions of invisibility
 f - a potion of curing {unknown}
 h - a potion of haste {unknown}
 i - 2 potions of cancellation {unknown}
 o - a potion of ambrosia {unknown}
 q - a potion of brilliance {unknown}


   Skills:
 + Level 1.1 Fighting
 + Level 2.1 Short Blades
 + Level 3.4 Dodging
 + Level 5.1 Stealth
 + Level 3.4 Spellcasting
 + Level 4.2 Hexes


You had one spell level left.
You knew the following spells:

 Your Spells              Type           Power      Damage    Failure   Level
a - Confusing Touch       Hex            16%        N/A       10%         3
b - Dazzling Flash        Conj/Hex       18%        N/A       22%         3
c - Ensorcelled Hibernat  Hex/Ice        18%        N/A       11%         2

Your spell library contained the following spells:

 Spells                   Type           Power      Damage    Failure   Level
 Slow                     Hex            64%        N/A       3%          1
 Tukima's Dance           Hex            16%        N/A       10%         3
 Vampiric Draining        Necr           2%         2d6       47%         3


Dungeon Overview and Level Annotations

Branches:
Dungeon (3/15)

Altars:

Annotations:
D:2 Robin
D:3 Sigmund


Innate Abilities, Weirdness & Mutations

You are very small and have problems with some larger weapons.
You are too small for most types of armour.
You have supernaturally acute eyesight. (SInv)
You cover ground extremely quickly. (Speed+++)


Message History

The adder is moderately wounded.
The adder bites you.
* * * LOW HITPOINT WARNING * * *
You hit the adder but do no damage.
The adder is moderately wounded.
The adder misses you.
You hit the adder but do no damage.
The adder is moderately wounded.
The adder bites you.
* * * LOW HITPOINT WARNING * * *
Okay, then.
The adder bites you.
* * * LOW HITPOINT WARNING * * *
You are poisoned.
The adder poisons you!
You climb downwards.
Level annotation: Sigmund You feel sick.
There is a stone staircase leading up here.
You feel sick. The adder completely misses you.
You feel sick.
You are no longer poisoned.
An endoplasm comes into view.
Your hands stop glowing.
There is a stone staircase leading up here.
You climb upwards.
Robin shouts!
The hobgoblin shouts!
The goblin shouts! x2
The hobgoblin shouts! x2; The goblin shouts! x2
There is a stone staircase leading down here.
The goblin shouts! x2
Robin's bangles clink loudly.
The goblin hits you with a +0 dagger.
* * * LOW HITPOINT WARNING * * *
The hobgoblin completely misses you.
The goblin unwields a +1 dagger of freezing.
The goblin wields a +0 sling.
The goblin shoots a sling bullet.
The sling bullet misses you. Robin throws the goblin at you!
You die...

#.##.# #.# #.##.# #.# #.##.#
#.# #.##.# #.# #.##.#
######.## #######.##.#
#........
#.......##[#####........
#.....g.##.##...........
#...g..@...##...........
######..gg..######......##.##
#.......>.g.'.......^.....)..
#.####..gg.g###.##......##...
#.# #..g.g.'.#.##......#####
#.# #......#.#.##......# #.#
#......#.#.##......# #.#
#......#...........##### #.#
###.######.##...........


You could see Robin, 3 hobgoblins and 6 goblins.

Vanquished Creatures
  3 gnolls (D:2)
  3 adders
  2 dart slugs (D:2)
  2 worms (D:2)
  2 bats
  4 endoplasms
  A giant cockroach (D:3)
  A goblin (D:3)
  3 hobgoblins
  A kobold (D:1)
  A quokka (D:1)
  3 ball pythons
  A frilled lizard (D:1)
  3 rats
30 creatures vanquished.

Notes
Turn   | Place    | Note
-------+----------+-------------------------------------------
     0 | D:1      | Decritt the Spriggan Enchanter began the quest for the Orb.
     0 | D:1      | Reached XP level 1. HP: 9/9 MP: 5/5
     2 | D:1      | Noticed a meteoran
     2 | D:1      | Noticed a vine stalker
     4 | D:1      | Noticed a naga
     4 | D:1      | Noticed a demonspawn
     6 | D:1      | Noticed a draconian
     6 | D:1      | Noticed an elf
     8 | D:1      | Noticed a ghoul
     8 | D:1      | Noticed a minotaur
    10 | D:1      | Noticed a spriggan
    10 | D:1      | Noticed a human
    12 | D:1      | Noticed a tengu
    12 | D:1      | Noticed an octopode
    14 | D:1      | Noticed a vampire
    16 | D:1      | Noticed an armataur
    16 | D:1      | Noticed a merfolk
    18 | D:1      | Noticed an ogre
    20 | D:1      | Noticed a demigod
    20 | D:1      | Noticed a gargoyle
    22 | D:1      | Noticed a felid
    24 | D:1      | Noticed a troll
    24 | D:1      | Noticed a human
    26 | D:1      | Noticed a meteoran
    26 | D:1      | Noticed an armataur
   390 | D:1      | Reached XP level 2. HP: 13/13 MP: 6/6
   530 | D:1      | Found a faded altar of an unknown god.
  1068 | D:2      | Reached XP level 3. HP: 17/17 MP: 8/8
  1149 | D:2      | Learned a level 3 spell: Confusing Touch
  1153 | D:2      | Learned a level 3 spell: Dazzling Flash
  1156 | D:2      | Learned a level 2 spell: Ensorcelled Hibernation
  1500 | D:2      | Reached skill level 5 in Stealth
  1575 | D:2      | Reached skill level 1 in Fighting
  1575 | D:2      | Reached XP level 4. HP: 22/22 MP: 10/10
  1852 | D:3      | Noticed Sigmund
  2052 | D:2      | Noticed Robin
  2056 | D:2      | Hit by a goblin thrown by Robin

Illustrated notes

Levels and vault maps discovered:
D:1:      kb_arrival_jail, layout_loops_ring, basic_ecumenical_altar
D:2:      layout_basic, uniq_robin
D:3:      minmay_general_purpose_star, layout_rooms, zin_purify, fedhas_altar_1,
          minmay_misc_feat_square, uniq_sigmund

Skill      XL: |  1  2  3  4 |
---------------+-------------+-----
Dodging        | 3 |  3.4
Spellcasting   | 3 |  3.4
Hexes          | 4 |  4.2
Stealth        | 5 |  5.1
Fighting       | 1 |  1.1
Short Blades   | 2 |  2.1

Action                   |  1- 3 |  4- 6 || total
-------------------------+-------+-------++-------
Melee: Dagger            |     1 |     4 ||     5
 Fire: Sling             |    59 |    44 ||   103
 Cast: Confusing Touch   |     1 |     1 ||     2
       Ensorcelled Hiber |       |     2 ||     2
 Stab: Sleeping          |     1 |       ||     1
Armor: Robe              |       |     6 ||     6
Dodge: Dodged            |     8 |    31 ||    39

Table legend: (Time is in decaauts)
 A = Elapsed time spent in this place.
 B = Non-inter-level travel time spent in this place.
 C = Inter-level travel time spent in this place.
 D = Time resting spent in this place.
 E = Time spent auto-exploring this place.
 F = Levels seen in this place.
 G = Mean time per level.
                   A        B        C        D        E       F      G
               +--------+--------+--------+--------+--------+-----+--------+
         Total |   1384 |   1332 |     52 |     38 |    902 |   3 |  461.3 |
       Dungeon |   1384 |   1332 |     52 |     38 |    902 |   3 |  461.3 |
               +--------+--------+--------+--------+--------+-----+--------+

Top non-repeatable levels by time:
     D:2: 707 daAuts
     D:1: 417 daAuts
     D:3: 259 daAuts
